 Dungeon Crawl Stone Soup version 0.19-a0-32-gbfd796a (webtiles) character file.

314 M4edhros the Martial Artist (level 6, -8/36 HPs)
             Began as an Octopode Necromancer on May 2, 2016.
             Shot with an arrow by a centaur (13 damage)
             ... on level 5 of the Dungeon.
             The game lasted 00:06:19 (605 turns).

M4edhros the Martial Artist (Octopode Necromancer)   Turns: 605, Time: 00:06:20

Health: -8/36      AC:  1    Str:  4 (7)  XL:     6   Next: 43%
Magic:  8/9        EV: 16    Int: 16 (18) God:
Gold:   135        SH:  0    Dex: 13 (14) Spells: 3 memorised, 4 levels left

rFire  + . .     SeeInvis .       - Unarmed
rCold  + . .     Gourm    .     (no shield)
rNeg   . . .     Faith    .     (helmet restricted)
rPois  +         Spirit   .     (no amulet)
rElec  +         Dismiss  .     (no ring)
rCorr  +         Reflect  .     (no ring)
SustAt .         Harm     .     (no ring)
MR     .....                    (no ring)
Stlth  +++.......               (no ring)
                                (no ring)
                                (no ring)
                                (no ring)

@: resistant, flying, very slightly contaminated, not resistant to hostile
enchantments, fairly stealthy
A: almost no armour, amphibious, 8 rings, constrict 8, camouflage 1, gelatinous
body 1
a: no special abilities


You were on level 5 of the Dungeon.
You were hungry.

You visited 1 branch of the dungeon, and saw 5 of its levels.

You collected 135 gold pieces.

Inventory:

Books
 a - a book of Necromancy

   Spells                             Type                      Level
   a - Pain                           Necromancy                   1
   b - Animate Skeleton               Necromancy                   1
   c - Vampiric Draining              Necromancy                   3
   d - Regeneration                   Charms/Necromancy            3
   e - Animate Dead                   Necromancy                   4
   f - Control Undead                 Necromancy                   4
Comestibles
 b - 2 bread rations
 c - 4 chunks of flesh


   Skills:
 - Level 8.3 Dodging
 - Level 2.6 Stealth
 + Level 9.3 Unarmed Combat
 - Level 2.0 Spellcasting
 - Level 4.0 Necromancy


You had 4 spell levels left.
You knew the following spells:

 Your Spells              Type           Power        Failure   Level  Hunger
a - Pain                  Necr           ##..         4%          1    #......
b - Animate Skeleton      Necr           N/A          4%          1    #......
r - Regeneration          Chrm/Necr      #.........   28%         3    ###....


Dungeon Overview and Level Annotations

Branches:
Dungeon (5/15)
 Temple: D:4-7

Altars:


Innate Abilities, Weirdness & Mutations

You cannot wear most types of armour.
You are amphibious.
You can wear up to eight rings at the same time.
You can use your tentacles to constrict eight enemies at once.
Your skin changes colour to match your surroundings (Stealth).
Your rubbery body absorbs attacks (AC +1).


Message History

A centaur comes into view.
The centaur shouts!
The centaur wields a shortbow.
The centaur shoots an arrow.
The arrow hits you!
You see here an arrow.
The centaur shoots an arrow.
The arrow hits you!
You see here an arrow.
The centaur shoots an arrow.
The arrow barely misses you.
Drink which item? (? for menu, Esc to quit)
It was a potion of flight.
You feel very buoyant.
You fly up into the air.
The centaur shoots an arrow.
The arrow hits you!
* * * LOW HITPOINT WARNING * * *
The centaur shoots an arrow.
The arrow barely misses you.
You aren't carrying any items that you can evoke.
Read which item? (? for menu, Esc to quit)
Okay, then.
Unknown command.
Unknown command.
The centaur shoots an arrow.
The arrow hits you!
You die...

## #. .#
#.######### .##
#.#.......##>.#####
#.#...............#
#.#...............#
#.[........@......#
#......((((...c...#
#.................#
#..#######........#
######<.##
#........#
#...(....#
#######..#
#........# ..#
#........# .#
#........#


You could see a centaur.

Vanquished Creatures
  Sigmund (D:4)
  Terence (D:2)
  An orc wizard (D:4)
  An adder (D:2)
  An ooze (D:1)
  A dart slug (D:3)
  2 giant geckos
  2 orcs (D:4)
  A ball python (D:3)
  A bat (D:3)
  2 giant cockroaches
  A goblin (D:3)
  4 hobgoblins
  4 jackals (D:1)
  2 kobolds
  5 rats
30 creatures vanquished.

Notes
Turn   | Place    | Note
--------------------------------------------------------------
     0 | D:1      | M4edhros the Octopode Necromancer began the quest for the Orb.
     0 | D:1      | Reached XP level 1. HP: 11/11 MP: 3/3
    16 | D:1      | Reached skill level 1 in Unarmed Combat
    43 | D:1      | Reached XP level 2. HP: 11/17 MP: 0/5
   114 | D:2      | Reached skill level 2 in Unarmed Combat
   161 | D:2      | Noticed Terence
   179 | D:2      | Killed Terence
   179 | D:2      | Reached skill level 3 in Unarmed Combat
   179 | D:2      | Reached XP level 3. HP: 9/21 MP: 6/6
   204 | D:2      | Learned a level 1 spell: Animate Skeleton
   208 | D:2      | Learned a level 3 spell: Regeneration
   315 | D:1      | Reached XP level 4. HP: 14/27 MP: 2/7
   521 | D:4      | Noticed Sigmund
   524 | D:4      | Reached skill level 9 in Unarmed Combat
   524 | D:4      | Reached XP level 5. HP: 29/31 MP: 5/8
   541 | D:4      | Killed Sigmund
   541 | D:4      | Reached XP level 6. HP: 33/36 MP: 2/9
   555 | D:5      | Entered Level 5 of the Dungeon
   605 | D:5      | Shot with an arrow by a centaur

Vault maps used:
D:1:      scummos_arrival_simple_crosswalls, serial_bayou_ford_a
D:2:      first_bread, xom_redecorated, uniq_terence, uniq_natasha
D:3:      forest_paths, elyvilon_altar_3, uniq_jessica
D:4:      serial_shops, shop_statue, uniq_edmund, uniq_sigmund
D:5:      minitemple, bloody_trog

Skill      XL: |  1  2  3  4 |
---------------+-------------+-----
Unarmed Combat | 1 3 9 |  9.3
Dodging        | 8 |  8.3
Stealth        | |  2.6
Spellcasting   | |  2.0
Necromancy     | |  4.0

Action                   |  1- 3 |  4- 6 || total
-------------------------+-------+-------++-------
Melee: Unarmed           |    33 |    13 ||    46
       Constrict         |     7 |     4 ||    11
       Tentacles         |     5 |     3 ||     8
       Punch             |       |     1 ||     1
 Cast: Pain              |    15 |    12 ||    27
       Regeneration      |     2 |     2 ||     4
  Use: Potion            |     2 |     5 ||     7
 Stab: Invisible         |     2 |       ||     2
       Sleeping          |     1 |       ||     1
Armor: Skin              |     4 |       ||     4
Dodge: Dodged            |    18 |     7 ||    25
